XFBL
NEW YORK YANKEES @ DETROIT TIGERS
04/17/1982
 
TOP OF THE 1ST
New York Yankees batting - Pitching for Detroit Tigers : RHP Dennis Martinez
Pitching: RHP Dennis Martinez
Batting: SHB Willie Wilson 0-0: Ball
1-0: Swinging Strike
1-1: Ball
2-1: Called Strike
2-2: Ball
3-2: Base on Balls
Batting: RHB David Hall 0-0: Called Strike
Willie Wilson steals 2nd base
0-1: Ball
1-1: Ball
2-1: Swinging Strike
2-2: Ball
3-2: Strikes out swinging
Batting: LHB Wade Boggs 0-0: Ball
Willie Wilson steals 3rd base
1-0: Called Strike
1-1: Ball
2-1: Fly out, F5 (Popup, 25F, EV 80.6 MPH)
Batting: LHB Kent Hrbek 0-0: Swinging Strike
0-1: Ball
1-1: Foul Ball, location: 2F
1-2: Ball
2-2: Ground out 4-3 (Groundball, 4M, EV 78.8 MPH)
Top of the 1st over - 0 runs, 0 hits, 0 errors, 1 left on base; New York 0 - Detroit 0
BOTTOM OF THE 1ST
Detroit Tigers batting - Pitching for New York Yankees : RHP Paul Moskau
Pitching: RHP Paul Moskau
Batting: SHB Lee Mazzilli 0-0: Ball
1-0: Ball
2-0: Called Strike
2-1: Ball
3-1: Base on Balls
Batting: RHB Rusty Tillman 0-0: Ball
1-0: Called Strike
1-1: Foul Ball, location: 2F
Pickoff Throw to First - Error! E1
Lee Mazzilli to second
1-2: Fly out, F8 (Flyball, 8LM, EV 86.3 MPH)
Batting: SHB Tony Phillips 0-0: Foul Ball, location: 2F
0-1: Ball
1-1: Ball
2-1: Ball
3-1: Foul Ball, location: 2F
3-2: Foul Ball, location: 2F
3-2: DOUBLE (Line Drive, 8LXD, EV 101.9 MPH)
Lee Mazzilli scores
Batting: LHB Greg Brock 0-0: Ball
1-0: Foul Ball, location: 2F
1-1: Swinging Strike
1-2: Strikes out swinging
Batting: LHB Randy S Johnson 0-0: Called Strike
0-1: Swinging Strike
0-2: Foul Ball, location: 2F
0-2: Ball
1-2: SINGLE (Line Drive, 34, EV 105.0 MPH)
Tony Phillips to third
Runner from 3rd tries for Home, SAFE, throw by RF to home
Batting: RHB Andre Thornton 0-0: Ball
1-0: Ball
2-0: Foul Ball, location: 2F
2-1: Called Strike
2-2: Strikes out swinging
Bottom of the 1st over - 2 runs, 2 hits, 1 error, 1 left on base; New York 0 - Detroit 2
TOP OF THE 2ND
New York Yankees batting - Pitching for Detroit Tigers : RHP Dennis Martinez
Batting: RHB Pedro Guerrero 0-0: Called Strike
0-1: SINGLE (Groundball, 34D, EV 105.0 MPH)
Batting: LHB George Kaage 0-0: Ball
1-0: Foul Ball, location: 2F
1-1: Ball
2-1: Foul Ball, location: 2F
2-2: Fly out, F4 (Popup, 4M, EV 59.4 MPH)
Batting: RHB Emanuel Cortez 0-0: Ball
1-0: Grounds into double play, 6-4-3 (Groundball, 6, EV 93.8 MPH)
Top of the 2nd over - 0 runs, 1 hit, 0 errors, 0 left on base; New York 0 - Detroit 2
BOTTOM OF THE 2ND
Detroit Tigers batting - Pitching for New York Yankees : RHP Paul Moskau
Batting: LHB Dan Graham 0-0: Called Strike
0-1: Swinging Strike
0-2: Ball
1-2: Foul Ball, location: 2F
1-2: Fly out, F9 (Flyball, 89M, EV 86.9 MPH)
Batting: RHB Larry Parrish 0-0: Ball
1-0: Ball
2-0: Called Strike
2-1: Foul Ball, location: 2F
2-2: Strikes out swinging
Batting: RHB Mike Sproles 0-0: DOUBLE (Line Drive, 3D, EV 95.6 MPH)
Batting: SHB Lee Mazzilli 0-0: Ball
1-0: Ball
2-0: Ball
3-0: Called Strike
3-1: Called Strike
3-2: Strikes out swinging
Bottom of the 2nd over - 0 runs, 1 hit, 0 errors, 1 left on base; New York 0 - Detroit 2
TOP OF THE 3RD
New York Yankees batting - Pitching for Detroit Tigers : RHP Dennis Martinez
Batting: SHB Jerry Manuel 0-0: Foul Ball, location: 2F
0-1: Called Strike
0-2: Ball
1-2: Ball
2-2: Ground out 4-3 (Groundball, 34D, EV 83.8 MPH)
Batting: LHB Ron Hassey 0-0: Ball
1-0: Fly out, F5 (Popup, 56S, EV 76.3 MPH)
Batting: SHB Willie Wilson 0-0: Fly out, F7 (Line Drive, 7, EV 93.1 MPH)
Top of the 3rd over - 0 runs, 0 hits, 0 errors, 0 left on base; New York 0 - Detroit 2
BOTTOM OF THE 3RD
Detroit Tigers batting - Pitching for New York Yankees : RHP Paul Moskau
Batting: RHB Rusty Tillman 0-0: Ground out 6-3 (Groundball, 6, EV 86.3 MPH)
Batting: SHB Tony Phillips 0-0: Ball
1-0: SINGLE (Line Drive, 3D, EV 96.9 MPH)
Batting: LHB Greg Brock 0-0: Ball
1-0: Ball
2-0: Called Strike
2-1: Swinging Strike
2-2: Ball
3-2: Foul Ball, location: 2F
3-2: Foul Ball, location: 2F
3-2: SINGLE (Groundball, 34S, EV 81.3 MPH) (infield hit)
Tony Phillips to second
Batting: LHB Randy S Johnson 0-0: Ball
1-0: Called Strike
Tony Phillips steals 3rd base
1-1: Ball
2-1: Ball
3-1: Called Strike
3-2: Strikes out swinging
Batting: RHB Andre Thornton 0-0: Ball
1-0: Ball
2-0: Ball
3-0: Base on Balls
Greg Brock to second
Batting: LHB Dan Graham 0-0: Called Strike
0-1: Swinging Strike
0-2: Strikes out swinging
Bottom of the 3rd over - 0 runs, 2 hits, 0 errors, 3 left on base; New York 0 - Detroit 2
TOP OF THE 4TH
New York Yankees batting - Pitching for Detroit Tigers : RHP Dennis Martinez
Batting: RHB David Hall 0-0: Ball
1-0: Ball
2-0: Called Strike
2-1: Ground out 4-3 (Groundball, 4S, EV 82.5 MPH)
Batting: LHB Wade Boggs 0-0: Ball
1-0: Ground out 6-3 (Groundball, 6, EV 84.4 MPH)
Batting: LHB Kent Hrbek 0-0: Ball
1-0: Fly out, F8 (Flyball, 78D, EV 101.3 MPH)
Top of the 4th over - 0 runs, 0 hits, 0 errors, 0 left on base; New York 0 - Detroit 2
BOTTOM OF THE 4TH
Detroit Tigers batting - Pitching for New York Yankees : RHP Paul Moskau
Batting: RHB Larry Parrish 0-0: Ground out 5-3 (Groundball, 56, EV 85.0 MPH)
Batting: RHB Mike Sproles 0-0: Fly out, F8 (Flyball, 78D, EV 83.8 MPH)
Batting: SHB Lee Mazzilli 0-0: Ball
1-0: Ball
2-0: Ball
3-0: Called Strike
3-1: Foul Ball, location: 2F
3-2: Base on Balls
Batting: RHB Rusty Tillman 0-0: Ball
1-0: SINGLE (Line Drive, 8LS, EV 92.5 MPH)
Lee Mazzilli to second
Runner from 2nd tries for 3rd, SAFE, throw by CF made to third
Batting: SHB Tony Phillips 0-0: Ball
1-0: Swinging Strike
1-1: Fly out, F8 (Line Drive, 8LD, EV 93.8 MPH)
Bottom of the 4th over - 0 runs, 1 hit, 0 errors, 2 left on base; New York 0 - Detroit 2
TOP OF THE 5TH
New York Yankees batting - Pitching for Detroit Tigers : RHP Dennis Martinez
Batting: RHB Pedro Guerrero 0-0: Called Strike
0-1: Swinging Strike
0-2: Ball
1-2: SINGLE (Groundball, 25, EV 63.8 MPH) (infield hit)
Batting: LHB George Kaage 0-0: Called Strike
0-1: Ball
1-1: Ball
2-1: Foul Ball, location: 2F
2-2: Strikes out looking
Batting: RHB Emanuel Cortez 0-0: Ball
1-0: Called Strike
1-1: Fly out, F9 (Flyball, 89XD, EV 100.0 MPH)
Batting: SHB Jerry Manuel 0-0: Called Strike
0-1: Ball
1-1: Called Strike
1-2: Foul Ball, location: 2F
1-2: Strikes out swinging
Top of the 5th over - 0 runs, 1 hit, 0 errors, 1 left on base; New York 0 - Detroit 2
BOTTOM OF THE 5TH
Detroit Tigers batting - Pitching for New York Yankees : RHP Paul Moskau
Batting: LHB Greg Brock 0-0: Called Strike
0-1: Ball
1-1: Called Strike
1-2: Ball
2-2: Ground out U3 (Groundball, 34, EV 90.6 MPH)
Batting: LHB Randy S Johnson 0-0: Ground out 6-3 (Groundball, 56D, EV 101.9 MPH)
Batting: RHB Andre Thornton 0-0: Called Strike
0-1: Swinging Strike
0-2: Foul Ball, location: 2F
0-2: Fly out, F8 (Flyball, 8LD, EV 100.0 MPH)
Bottom of the 5th over - 0 runs, 0 hits, 0 errors, 0 left on base; New York 0 - Detroit 2
TOP OF THE 6TH
New York Yankees batting - Pitching for Detroit Tigers : RHP Dennis Martinez
Batting: LHB Ron Hassey 0-0: Ball
1-0: Called Strike
1-1: Swinging Strike
1-2: Ground out 5-3 (Groundball, 56, EV 103.8 MPH)
Batting: SHB Willie Wilson 0-0: SINGLE (Flyball, 89S, EV 85.6 MPH)
Batting: RHB David Hall 0-0: Ball
Willie Wilson steals 2nd base
1-0: Ball
2-0: Called Strike
2-1: Called Strike
2-2: Fly out, F7 (Flyball, 78S, EV 80.6 MPH)
Batting: LHB Wade Boggs 0-0: Ball
1-0: Foul Ball, location: 2F
1-1: Called Strike
1-2: Ground out 5-3 (Groundball, 56, EV 100.6 MPH)
Top of the 6th over - 0 runs, 1 hit, 0 errors, 1 left on base; New York 0 - Detroit 2
BOTTOM OF THE 6TH
Detroit Tigers batting - Pitching for New York Yankees : RHP Paul Moskau
Batting: LHB Dan Graham 0-0: Swinging Strike
0-1: Swinging Strike
0-2: Ball
1-2: Ball
2-2: Strikes out swinging
Batting: RHB Larry Parrish 0-0: Called Strike
0-1: Ball
1-1: Ground out 4-3 (Groundball, 4, EV 80.6 MPH)
Batting: RHB Mike Sproles 0-0: Swinging Strike
0-1: Ball
1-1: Swinging Strike
1-2: Strikes out swinging
Bottom of the 6th over - 0 runs, 0 hits, 0 errors, 0 left on base; New York 0 - Detroit 2
TOP OF THE 7TH
New York Yankees batting - Pitching for Detroit Tigers : RHP Dennis Martinez
Batting: LHB Kent Hrbek 0-0: Ball
1-0: Ball
2-0: Ground out 4-3 (Groundball, 34, EV 102.5 MPH)
Batting: RHB Pedro Guerrero 0-0: Ball
1-0: Foul Ball, location: 2F
1-1: Foul Ball, location: 2F
1-2: Fly out, F3 (Line Drive, 3, EV 69.4 MPH)
Batting: LHB George Kaage 0-0: Ball
1-0: Fly out, F8 (Flyball, 78M, EV 83.8 MPH)
Top of the 7th over - 0 runs, 0 hits, 0 errors, 0 left on base; New York 0 - Detroit 2
BOTTOM OF THE 7TH
Detroit Tigers batting - Pitching for New York Yankees : RHP Paul Moskau
Batting: SHB Lee Mazzilli 0-0: Ball
1-0: Swinging Strike
1-1: Foul Ball, location: 2F
1-2: Fly out, F8 (Line Drive, 8LD, EV 89.4 MPH)
Pitching: RHP Jeff Cornell
Batting: RHB Rusty Tillman 0-0: Ball
1-0: Ball
2-0: Fly out, F8 (Flyball, 8LM, EV 88.1 MPH)
Batting: SHB Tony Phillips 0-0: Ball
1-0: Called Strike
1-1: Foul Ball, location: 2F
1-2: Ball
2-2: Ball
3-2: Hit by Pitch
Batting: LHB Greg Brock 0-0: Ball
1-0: Swinging Strike
1-1: Ball
2-1: Foul Ball, location: 2F
2-2: Foul Ball, location: 2F
2-2: Strikes out looking
Bottom of the 7th over - 0 runs, 0 hits, 0 errors, 1 left on base; New York 0 - Detroit 2
TOP OF THE 8TH
New York Yankees batting - Pitching for Detroit Tigers : RHP Dennis Martinez
Batting: RHB Emanuel Cortez 0-0: Called Strike
0-1: Foul Ball, location: 2F
0-2: Ball
1-2: Foul Ball, location: 2F
1-2: Ground out 6-3 (Groundball, 6M, EV 98.1 MPH)
Batting: SHB Jerry Manuel 0-0: Foul Ball, location: 2F
0-1: Swinging Strike
0-2: Ball
1-2: Ball
2-2: Ball
3-2: Base on Balls
Batting: LHB Ron Hassey 0-0: Ball
1-0: Foul Ball, location: 2F
1-1: Swinging Strike
1-2: Foul Ball, location: 2F
1-2: Strikes out looking
Batting: SHB Willie Wilson 0-0: Ball
1-0: Ball
Wild Pitch!
Jerry Manuel to second
2-0: Called Strike
2-1: Swinging Strike
2-2: Foul Ball, location: 2F
2-2: Strikes out looking
Top of the 8th over - 0 runs, 0 hits, 0 errors, 1 left on base; New York 0 - Detroit 2
BOTTOM OF THE 8TH
Detroit Tigers batting - Pitching for New York Yankees : RHP Jeff Cornell
Batting: LHB Randy S Johnson 0-0: Ball
1-0: Foul Ball, location: 2F
1-1: Foul Ball, location: 2F
1-2: Ball
2-2: Ball
3-2: Foul Ball, location: 2F
3-2: Foul Ball, location: 2F
3-2: Fly out, F7 (Flyball, 7S, EV 82.5 MPH)
Batting: RHB Andre Thornton 0-0: Ball
1-0: Ball
2-0: Ball
3-0: Called Strike
3-1: Foul Ball, location: 2F
3-2: Base on Balls
Batting: LHB Dan Graham 0-0: Called Strike
Pickoff Throw to First - Out! 1-3
0-1: Foul Ball, location: 2F
0-2: Ground out U3 (Groundball, 34, EV 80.0 MPH)
Bottom of the 8th over - 0 runs, 0 hits, 0 errors, 0 left on base; New York 0 - Detroit 2
TOP OF THE 9TH
New York Yankees batting - Pitching for Detroit Tigers : RHP Dennis Martinez
Now at 1B: William Young
Now in RF: Rusty Kuntz
Batting: RHB David Hall 0-0: Foul Ball, location: 2F
0-1: Ball
1-1: Ball
2-1: Ball
3-1: Base on Balls
Batting: LHB Wade Boggs 0-0: Called Strike
0-1: Ball
1-1: Ball
2-1: Ball
3-1: Fielders Choice at 2nd, 4-6 (Groundball, 4S, EV 88.8 MPH)
Batting: LHB Kent Hrbek 0-0: Called Strike
0-1: Foul Ball, location: 2F
0-2: Fly out, F4 (Popup, 4S, EV 80.0 MPH)
Batting: RHB Pedro Guerrero 0-0: Called Strike
0-1: Called Strike
0-2: Ball
1-2: Fielders Choice at 2nd, 6-4 (Groundball, 6, EV 80.0 MPH)
Top of the 9th over - 0 runs, 0 hits, 0 errors, 1 left on base; New York 0 - Detroit 2
Tuesday, July 21st, 2020 - OOTP Baseball 21.4 Build 63